 Dungeon Crawl Stone Soup version 0.29.1-1-gd02db6906a (webtiles) character file.

Game seed: 16538103951972525586

58 safid the Shooter (level 3, 0/31 HPs)
             Began as a Minotaur Hunter on Oct 17, 2022.
             Slain by Sigmund
             ... wielding a +1 vampiric scythe
              (4 damage)
             ... on level 2 of the Dungeon.
             The game lasted 00:02:33 (1346 turns).

safid the Shooter (Minotaur Hunter)                 Turns: 1346, Time: 00:02:33

Health: 0/31       AC:  3    Str: 15    XL:     3   Next: 75%
Magic:  2/2        EV: 12    Int:  6    God:
Gold:   71         SH:  0    Dex: 15    Spells: 2/2 levels left

rFire   . . .      SeeInvis .   a - +0 shortbow
rCold   . . .      Faith    .   (shield currently unavailable)
rNeg    . . .      Spirit   .   c - +0 leather armour
rPois   .          Reflect  .   (helmet restricted)
rElec   .          Harm     .   (no cloak)
rCorr   .          Rampage  .   (no gloves)
Will    .....                   (no boots)
Stlth   +.........              (no amulet)
HPRegen 0.10/turn               (no ring)
MPRegen 0.08/turn               (no ring)

@: no status effects
A: horns 2, retaliatory headbutt
a: no special abilities


You were on level 2 of the Dungeon.
You visited 1 branch of the dungeon, and saw 2 of its levels.

You collected 71 gold pieces.

Inventory:

Hand Weapons
 a - a +0 shortbow (weapon)
Armour
 c - a +0 leather armour (worn)
Jewellery
 d - an amulet of faith
Scrolls
 b - 2 scrolls of immolation
 g - a scroll of butterflies {unknown}
 i - a scroll of fear {unknown}
 j - a scroll of teleportation {unknown}
Potions
 e - a potion of haste {unknown}
 f - a potion of berserk rage {unknown}
 h - a potion of degeneration {unknown}
 k - 2 potions of curing {unknown}


   Skills:
 - Level 3.0 Fighting
 + Level 5.8 Ranged Weapons
 - Level 2.1 Dodging
 - Level 0.7 Stealth


You had 2 spell levels left.
You didn't know any spells.
Your spell library was empty.

Dungeon Overview and Level Annotations

Branches:
Dungeon (2/15)

Altars:
The Shining One

Annotations:
D:2 Sigmund


Innate Abilities, Weirdness & Mutations

You have a pair of horns on your head.
You reflexively headbutt those who attack you in melee.


Message History

You shoot an arrow. The arrow closely misses Sigmund.
You shoot an arrow. The arrow completely misses Sigmund.
Sigmund casts a spell at you. You resist with significant effort.
You shoot an arrow. The arrow hits Sigmund.
Sigmund is moderately wounded.
Sigmund hits you from afar with a +1 vampiric scythe.
You shoot an arrow. The arrow hits Sigmund!
Sigmund is severely wounded.
Sigmund closely misses you.
You shoot an arrow.
The arrow hits Sigmund but does no damage.
Sigmund is severely wounded.
Sigmund barely misses you.
You shoot an arrow. The arrow closely misses Sigmund.
Sigmund misses you.
You shoot an arrow. The arrow barely misses Sigmund.
You shoot an arrow. The arrow barely misses Sigmund.
Sigmund hits you from afar with a +1 vampiric scythe!
Sigmund draws strength from your wounds!
You are too injured to fight recklessly!
You are too injured to fight recklessly!
You are too injured to fight recklessly!
You are too injured to fight recklessly!
You are too injured to fight recklessly!
Fire: a) +0 shortbow
Press: ? - help, Q - select action Shift-Dir - straight line, f/p - Sigmund
Aim: Sigmund, wielding a +1 vampiric scythe and wearing a +0 robe (heavily wounded, 58% to hit)
You shoot an arrow. The arrow hits Sigmund.
Sigmund is severely wounded.
Sigmund points at you and mumbles some strange words.
You resist with significant effort.
Fire: a) +0 shortbow
Press: ? - help, Q - select action Shift-Dir - straight line, f/p - Sigmund
Aim: Sigmund, wielding a +1 vampiric scythe and wearing a +0 robe (severely wounded, 58% to hit)
You shoot an arrow. The arrow barely misses Sigmund.
Sigmund hits you from afar with a +1 vampiric scythe!
* * * LOW HITPOINT WARNING * * *
Sigmund draws strength from your wounds!
Sigmund hits you from afar with a +1 vampiric scythe.
You die...

#.#.##.##.####'##
#.#.##....# #.#
#.#.##########.#
#.#.# #......#
#.#.#####.######
##[#.......#
#..........#
#...<......#
###....@.@...##
...............#
........?......#
...............$#
.?......###.....#
......(.# #######
....... #####


You could see Sigmund.

Vanquished Creatures
  2 adders (D:2)
  A worm (D:2)
  A dart slug (D:1)
  2 bats (D:1)
  8 endoplasms
  2 goblins (D:1)
  A hobgoblin (D:1)
  3 jackals (D:1)
  A quokka (D:1)
  5 ball pythons (D:1)
  2 frilled lizards (D:1)
  3 kobolds (D:1)
  2 rats (D:1)
33 creatures vanquished.

Notes
Turn   | Place    | Note
-------+----------+-------------------------------------------
     0 | D:1      | safid the Minotaur Hunter began the quest for the Orb.
     0 | D:1      | Reached XP level 1. HP: 18/18 MP: 0/0
   103 | D:1      | Found a faded altar of an unknown god.
   174 | D:1      | Reached XP level 2. HP: 26/26 MP: 1/1
   296 | D:1      | Reached skill level 5 in Ranged Weapons
   426 | D:1      | Reached XP level 3. HP: 31/31 MP: 2/2
   721 | D:2      | Found a glowing golden altar of the Shining One.
   940 | D:2      | Noticed Sigmund
  1346 | D:2      | Slain by Sigmund

Illustrated notes

Levels and vault maps discovered:
D:1:      mrwooster_arrival_arrow, layout_loops_ring,
          hellmonk_ecumenical_altar_blasted
D:2:      layout_basic, basic_altar, minmay_strange_pillars,
          uniq_crazy_yiuf_cottage, uniq_sigmund

Skill      XL: |  1  2 |
---------------+-------+-----
Fighting       | 3 |  3.0
Ranged Weapons | 5 |  5.8
Dodging        | |  2.1
Stealth        | |  0.7

Action                   || total
-------------------------++-------
 Fire: Shortbow          ||    97
Armor: Leather armour    ||     9
Dodge: Dodged            ||    24
